Monarchs vs Griffins

Created - Friday, January 30, 2015 at 23:06

Goals
1 2 3 T
Monarchs 2 0 0 2
Griffins 0 1 0 1
Shots
1 2 3 T
Monarchs 11 7 8 26
Griffins 9 13 12 34

1st period

1. Monarchs , Mikhail Grigorenko 14 (Keith Ballard, Jared Knight) at 14:07 (PP)
2. Monarchs , Keith Ballard 34 (Brett Olson, Matej Stransky) at 18:01 (PP)

Penalties :
Kellan Lain (GRG) for Fighting (Major) at 1:24, Bobby Robins (MAN) for Fighting (Major) at 1:24, Patrick Wellar (GRG) for Fighting (Major) at 1:29, Taylor Doherty (MAN) for Fighting (Major) at 1:29, Raffi Torres (MAN) for Cross-checking (Minor) at 6:14, Mike Keenan (GRG) for Roughing (Minor) at 12:49, Kellan Lain (GRG) for Fighting (Major) at 15:33, Taylor Doherty (MAN) for Fighting (Major) at 15:33, Patrick Wellar (GRG) for Fighting (Major) at 15:50, Derek Forbort (MAN) for Fighting (Major) at 15:50, Matt Marquardt (GRG) for Fighting (Major) at 17:00, Joe Morrow (MAN) for Fighting (Major) at 17:00, Mike Keenan (GRG) for Hooking (Minor) at 17:37, Mike Angelidis (GRG) for Fighting (Major) at 18:47, Matej Stransky (MAN) for Fighting (Major) at 18:47

2nd period

3. Griffins , Adam Clendening 8 (Derek Meech, Paul Thompson) at 10:03

Penalties :
Ben Eager (GRG) for Hooking (Minor) at 2:37, Kellan Lain (GRG) for Fighting (Major / Game Misconduct) at 5:14, Taylor Doherty (MAN) for Fighting (Major / Game Misconduct) at 5:14, Bobby Robins (MAN) for Tripping (Minor) at 12:17

3rd period

No Goal

Penalties :
Matt Marquardt (GRG) for Fighting (Major) at 0:30, Matej Stransky (MAN) for Fighting (Major) at 0:30, Bobby Robins (MAN) for Holding Stick (Minor) at 6:43, Patrick Wellar (GRG) for Fighting (Major / Game Misconduct) at 9:35, Matej Stransky (MAN) for Fighting (Major / Game Misconduct) at 9:35

Goalie Stats

Niklas Svedberg (MAN), 33 saves from 34 shots - (0.971), W, 28-21-5, 60:00 minutes
Joe Cannata (GRG), 24 saves from 26 shots - (0.923), L, 5-8-2, 60:00 minutes

Players Stats for Monarchs

Player Name              G  A  P  +/- PIM S  H  SB GA TA FO     MP     PP MP  PK MP  
------------------------------------------------------------------------------------
Bobby Robins             0  0  0   0  9   1  0  0  0  0  0/0    13:16   0:22   0:04 
Brett Olson              0  1  1   0  0   1  1  0  3  2  5/11   20:28   2:06   0:00 
Byron Froese             0  0  0   0  0   0  1  0  1  0  0/0     1:58   0:00   0:00 
C.J. Stretch             0  0  0   0  0   1  1  1  1  0  7/17   19:35   1:10   1:44 
David Rundblad           0  0  0   0  0   0  0  0  0  0  0/0     0:55   0:00   0:00 
Derek Forbort            0  0  0   0  5   0  1  3  0  1  0/0    20:38   1:50   2:38 
Jared Knight             0  1  1  -1  0   1  4  0  0  0  0/3    16:36   1:35   0:00 
Jason Jaffray            0  0  0   0  0   0  1  1  1  0  0/3    24:58   0:48   2:22 
Joe Morrow               0  0  0   0  5   1  0  1  1  4  0/0    20:05   1:50   2:38 
Jordan Hill              0  0  0  -1  0   1  1  1  0  1  0/0    20:32   0:00   0:00 
Keith Ballard            1  1  2  -1  0   7  1  3  4  3  0/0    24:51   1:51   3:19 
Matej Stransky           0  1  1   0  25  1  0  0  0  0  0/1    12:52   1:21   0:00 
Mathieu Tousignant       0  0  0   0  0   1  1  0  0  1  2/6    15:40   0:00   2:23 
Mikhail Grigorenko       1  0  1  -1  0   6  0  0  2  0  2/11   21:33   1:35   3:31 
Nathan Paetsch           0  0  0   0  0   0  4  1  2  3  0/0    29:31   1:51   3:19 
Raffi Torres             0  0  0   0  2   3  2  0  3  1  0/0    22:06   2:06   1:06 
Rostislav Olesz          0  0  0  -1  0   2  2  0  1  0  0/0     4:58   0:00   0:48 
Taylor Doherty           0  0  0   0  25  0  0  0  0  0  0/0     3:40   0:00   0:17 

Players Stats for Griffins

Player Name              G  A  P  +/- PIM S  H  SB GA TA FO     MP     PP MP  PK MP  
------------------------------------------------------------------------------------
Adam Clendening          1  0  1   1  0   6  2  2  1  2  0/0    27:14   3:20   2:09 
Alden Hirschfeld         0  0  0   0  0   0  0  0  0  0  0/0     0:00   0:00   0:00 
Ben Eager                0  0  0   0  2   1  1  0  3  0  2/3    21:52   2:41   0:57 
Derek Meech              0  1  1   1  0   3  2  2  2  0  0/0    28:32   3:20   2:49 
Farm Player15            0  0  0   0  0   0  1  0  0  0  2/2    20:00   0:00   1:34 
John McFarland           0  0  0   0  0   3  0  0  8  1  0/0    19:18   3:16   0:14 
Jordan Owens             0  0  0   0  0   1  0  1  0  1  0/1     8:58   0:00   0:23 
Kellan Lain              0  0  0   0  25  0  1  0  0  0  1/2     2:26   0:00   0:00 
Mark Mancari             0  0  0   0  0   5  0  4  3  0  1/1    17:31   2:41   3:04 
Matt Marquardt           0  0  0   0  10  0  1  0  1  0  5/7    14:32   3:16   0:00 
Mike Angelidis           0  0  0   0  5   2  0  0  2  0  0/0    17:32   3:16   0:13 
Mike Keenan              0  0  0   0  4   0  3  0  1  1  0/0    19:43   2:37   0:14 
Mitchell Heard           0  0  0   1  0   3  4  0  3  0  0/1    16:56   0:00   1:25 
Patrick Wellar           0  0  0   0  25  0  0  0  0  0  0/0     8:14   0:00   0:00 
Paul Thompson            0  1  1   1  0   2  1  0  1  0  2/5    17:42   0:22   0:00 
Robert Czarnik           0  0  0   1  0   0  1  0  1  0  5/8    11:28   0:00   0:00 
Tyler Eckford            0  0  0   0  0   0  2  0  1  1  0/0    22:20   2:37   1:32 
Tyler Pitlick            0  0  0   0  0   8  1  2  1  1  18/22  22:02   2:19   0:23 

3 Stars

1 - Niklas Svedberg (MAN)
2 - Adam Clendening (GRG)
3 - Keith Ballard (MAN)

Power Play

Monarchs - 2 on 3 Attempt(s) - 66.67%
Griffins - 0 on 3 Attempt(s) - 0.00%

Penalty Kill

Monarchs - 3 on 3 Attempt(s) - 100.00% - Score 0 goal in Penalty Kill
Griffins - 1 on 3 Attempt(s) - 33.33% - Score 0 goal in Penalty Kill

Team Stat

Monarchs - Hits : 20 - Faceoff Wins : 16 - Blocked Shots : 11 - Penalty Minutes : 71
Griffins - Hits : 20 - Faceoff Wins : 36 - Blocked Shots : 11 - Penalty Minutes : 71

Official

Referees : Unknown
Linesman : Unknown

Game Notes

Kellan Lain and Bobby Robins fight to a draw at 1:24 of 1st period
Patrick Wellar and Taylor Doherty fight to a draw at 1:29 of 1st period
Taylor Doherty beats up Kellan Lain at 15:33 of 1st period
Patrick Wellar beats up Derek Forbort at 15:50 of 1st period
Matt Marquardt beats up Joe Morrow at 17:00 of 1st period
Mike Angelidis and Matej Stransky fight to a draw at 18:47 of 1st period
Kellan Lain beats up Taylor Doherty at 5:14 of 2nd period
Kellan Lain ejected from game at 5:14 of 2nd period
Taylor Doherty ejected from game at 5:14 of 2nd period
Matej Stransky beats up Matt Marquardt at 0:30 of 3rd period
Patrick Wellar and Matej Stransky fight to a draw at 9:35 of 3rd period
Patrick Wellar ejected from game at 9:35 of 3rd period
Matej Stransky ejected from game at 9:35 of 3rd period

Finance

Level 1 -- Attendance: 1646 (82.30%) -- Ticket Income $57,610
Level 2 -- Attendance: 695 (69.50%) -- Ticket Income $10,425
Total Attendance: 2341 (78.03%)
Total Ticket Income: $68,035
Other Income: $33,337
Total Income: $101,372

Monarchs

5 vs 5 Forward 
   Center                   Left Wing                Right Wing               Time % Phy DF OF 
 1 Mikhail Grigorenko       Jason Jaffray            Jared Knight             35     1   2  2  
 2 Brett Olson              Raffi Torres             Matej Stransky           30     1   2  2  
 3 C.J. Stretch             Jason Jaffray            Bobby Robins             22     1   2  2  
 4 Mathieu Tousignant       Jason Jaffray            Raffi Torres             13     1   2  2  

5 vs 5 Defense 
   Defense                  Defense                                           Time % Phy DF OF 
 1 Keith Ballard            Nathan Paetsch                                    35     1   2  2  
 2 Joe Morrow               Derek Forbort                                     30     1   2  2  
 3 Jordan Hill              Taylor Doherty                                    22     1   2  2  
 4 Nathan Paetsch           Keith Ballard                                     13     1   2  2  

PowerPlay Forward 
   Center                   Left Wing                Right Wing               Time % Phy DF OF 
 1 Mikhail Grigorenko       Jason Jaffray            Jared Knight             60     1   2  2  
 2 Brett Olson              Raffi Torres             Matej Stransky           40     1   2  2  

PowerPlay Defense
   Defense                  Defense                                           Time % Phy DF OF 
 1 Keith Ballard            Nathan Paetsch                                    60     1   2  2  
 2 Joe Morrow               Derek Forbort                                     40     1   2  2  

Penalty Kill 4 Players Forward 
   Center                   Wing                     Time % Phy DF OF 
 1 Jason Jaffray            Raffi Torres             60     1   2  2  
 2 Mikhail Grigorenko       Brett Olson              40     1   2  2  

Penalty Kill 4 Players Defense
   Defense                  Defense                  Time % Phy DF OF 
 1 Keith Ballard            Nathan Paetsch           60     1   2  2  
 2 Joe Morrow               Derek Forbort            40     1   2  2  

Penalty Kill - 3 Players Forward 
   Forward                                           Time % Phy DF OF 
 1 Jason Jaffray                                     60     1   2  2  
 2 Raffi Torres                                      40     1   2  2  

Penalty Kill - 3 Players Defense
   Defense                  Defense                  Time % Phy DF OF 
 1 Keith Ballard            Nathan Paetsch           60     1   2  2  
 2 Joe Morrow               Derek Forbort            40     1   2  2  

4 vs 4 Forward 
   Center                   Wing                     Time % Phy DF OF 
 1 Jason Jaffray            Raffi Torres             60     1   2  2  
 2 Mikhail Grigorenko       Brett Olson              40     1   2  2  

4 vs 4 Defense
   Defense                  Defense                  Time % Phy DF OF 
 1 Keith Ballard            Nathan Paetsch           60     1   2  2  
 2 Joe Morrow               Derek Forbort            40     1   2  2  

Last Minutes Offensive
   Center                   Left Wing                Right Wing               Defense                  Defense                  
   Mikhail Grigorenko       Jason Jaffray            Jared Knight             Keith Ballard            Nathan Paetsch           

Last Minutes Defensive
   Center                   Left Wing                Right Wing               Defense                  Defense                  
   Mikhail Grigorenko       Jason Jaffray            Jared Knight             Keith Ballard            Nathan Paetsch           

Goaltenders
Starting : Niklas Svedberg          
Backup : Reto Berra               

Extra Forwards
Normal : Jason Jaffray, C.J. Stretch, Mathieu Tousignant - PP : Jason Jaffray, C.J. Stretch - PK : Mathieu Tousignant
Extra Defensemen
Normal : Jordan Hill, Taylor Doherty, Nathan Paetsch - PP : Jordan Hill - PK : Taylor Doherty, Keith Ballard
Penalty Shots
Jason Jaffray, Raffi Torres, Mikhail Grigorenko, Brett Olson, Jared Knight

Griffins

5 vs 5 Forward 
   Center                   Left Wing                Right Wing               Time % Phy DF OF 
 1 Tyler Pitlick            Ben Eager                Mark Mancari             35     1   2  2  
 2 Matt Marquardt           Mike Angelidis           John McFarland           30     1   2  2  
 3 Kellan Lain              Mitchell Heard           Paul Thompson            22     1   2  2  
 4 Robert Czarnik           Jordan Owens             Ben Eager                13     1   2  2  

5 vs 5 Defense 
   Defense                  Defense                                           Time % Phy DF OF 
 1 Adam Clendening          Derek Meech                                       35     1   2  2  
 2 Tyler Eckford            Mike Keenan                                       30     1   2  2  
 3 Patrick Wellar           Farm Player15                                     22     1   2  2  
 4 Adam Clendening          Derek Meech                                       13     1   2  2  

PowerPlay Forward 
   Center                   Left Wing                Right Wing               Time % Phy DF OF 
 1 Tyler Pitlick            Ben Eager                Mark Mancari             60     1   2  2  
 2 Matt Marquardt           Mike Angelidis           John McFarland           40     1   2  2  

PowerPlay Defense
   Defense                  Defense                                           Time % Phy DF OF 
 1 Adam Clendening          Derek Meech                                       60     1   2  2  
 2 Tyler Eckford            Mike Keenan                                       40     1   2  2  

Penalty Kill 4 Players Forward 
   Center                   Wing                     Time % Phy DF OF 
 1 Ben Eager                Mark Mancari             60     1   2  2  
 2 John McFarland           Tyler Pitlick            40     1   2  2  

Penalty Kill 4 Players Defense
   Defense                  Defense                  Time % Phy DF OF 
 1 Adam Clendening          Derek Meech              60     1   2  2  
 2 Tyler Eckford            Mike Keenan              40     1   2  2  

Penalty Kill - 3 Players Forward 
   Forward                                           Time % Phy DF OF 
 1 Ben Eager                                         60     1   2  2  
 2 Mark Mancari                                      40     1   2  2  

Penalty Kill - 3 Players Defense
   Defense                  Defense                  Time % Phy DF OF 
 1 Adam Clendening          Derek Meech              60     1   2  2  
 2 Tyler Eckford            Mike Keenan              40     1   2  2  

4 vs 4 Forward 
   Center                   Wing                     Time % Phy DF OF 
 1 Ben Eager                Mark Mancari             60     1   2  2  
 2 John McFarland           Tyler Pitlick            40     1   2  2  

4 vs 4 Defense
   Defense                  Defense                  Time % Phy DF OF 
 1 Adam Clendening          Derek Meech              60     1   2  2  
 2 Tyler Eckford            Mike Keenan              40     1   2  2  

Last Minutes Offensive
   Center                   Left Wing                Right Wing               Defense                  Defense                  
   Tyler Pitlick            Ben Eager                Mark Mancari             Adam Clendening          Derek Meech              

Last Minutes Defensive
   Center                   Left Wing                Right Wing               Defense                  Defense                  
   Tyler Pitlick            Ben Eager                Mark Mancari             Adam Clendening          Derek Meech              

Goaltenders
Starting : Joe Cannata              
Backup : Jeff Deslauriers         

Extra Forwards
Normal : Paul Thompson, Kellan Lain, Mitchell Heard - PP : Paul Thompson, Kellan Lain - PK : Mitchell Heard
Extra Defensemen
Normal : Patrick Wellar, Farm Player15, Tyler Eckford - PP : Patrick Wellar - PK : Farm Player15, Tyler Eckford
Penalty Shots
Ben Eager, Mark Mancari, John McFarland, Tyler Pitlick, Mike Angelidis

% Time on Ice - Monarchs

Lines # - Real PCT - Wanted PCT - Time Play
Normal Forward
1 - 31% - 35% - 15:07
2 - 41% - 30% - 20:11
3 - 24% - 22% - 11:59
4 - 5% - 13% - 2:15
Normal Defense
1 - 23% - 35% - 11:24
2 - 38% - 30% - 18:53
3 - 36% - 22% - 17:50
4 - 3% - 13% - 1:25
PP Forward
1 - 43% - 60% - 1:35
2 - 57% - 40% - 2:06
PP Defense
1 - 50% - 60% - 1:51
2 - 50% - 40% - 1:50
PK Forward
1 - 100% - 60% - 5:57
2 - 0% - 40% - 0:00
PK Defense
1 - 56% - 60% - 3:19
2 - 44% - 40% - 2:38
PK3 Forward
1 - 0% - 60%
2 - 0% - 40%
PK3 Defense
1 - 0% - 60%
2 - 0% - 40%
44 Forward
1 - 0% - 60%
2 - 0% - 40%
44 Defense
1 - 0% - 60%
2 - 0% - 40%
Last Minute Offensive  - 0:00
Last Minute Defensive  - 0:50
Total
Forward - 60:00
Defense - 60:00

% Time on Ice - Griffins

Lines # - Real PCT - Wanted PCT - Time Play
Normal Forward
1 - 23% - 35% - 11:13
2 - 32% - 30% - 15:48
3 - 29% - 22% - 14:13
4 - 17% - 13% - 8:35
Normal Defense
1 - 33% - 35% - 16:12
2 - 33% - 30% - 16:21
3 - 27% - 22% - 13:39
4 - 7% - 13% - 3:37
PP Forward
1 - 45% - 60% - 2:41
2 - 55% - 40% - 3:16
PP Defense
1 - 56% - 60% - 3:20
2 - 44% - 40% - 2:37
PK Forward
1 - 94% - 60% - 3:27
2 - 6% - 40% - 0:14
PK Defense
1 - 58% - 60% - 2:09
2 - 42% - 40% - 1:32
PK3 Forward
1 - 0% - 60%
2 - 0% - 40%
PK3 Defense
1 - 0% - 60%
2 - 0% - 40%
44 Forward
1 - 0% - 60%
2 - 0% - 40%
44 Defense
1 - 0% - 60%
2 - 0% - 40%
Last Minute Offensive  - 0:33
Last Minute Defensive  - 0:00
Total
Forward - 60:00
Defense - 60:00

Play by Play

1st period


0:01 of 1st period - Tyler Pitlick wins face-off versus Mikhail Grigorenko in neutral zone.
0:18 of 1st period - Wrist shot by Mikhail Grigorenko.
0:18 of 1st period - Shot Misses the Net.
0:24 of 1st period - Snap shot by Mikhail Grigorenko.
0:24 of 1st period - Stopped by Joe Cannata with a rebound.
0:51 of 1st period - Slapshot by John McFarland.
0:51 of 1st period - Shot Misses the Net.
1:17 of 1st period - Snap shot by Mike Angelidis.
1:17 of 1st period - Stopped by Niklas Svedberg without a rebound.
1:18 of 1st period - C.J. Stretch wins face-off versus Kellan Lain in Monarchs zone.
1:24 of 1st period - Kellan Lain and Bobby Robins fight to a draw.
1:24 of 1st period - Penalty to Kellan Lain for Fighting.
1:24 of 1st period - Penalty to Bobby Robins for Fighting.
1:25 of 1st period - Tyler Pitlick wins face-off versus C.J. Stretch in neutral zone.
1:28 of 1st period - Backhand shot by Patrick Wellar.
1:28 of 1st period - Shot Blocked by C.J. Stretch.
1:29 of 1st period - Patrick Wellar and Taylor Doherty fight to a draw.
1:29 of 1st period - Penalty to Patrick Wellar for Fighting.
1:29 of 1st period - Penalty to Taylor Doherty for Fighting.
1:30 of 1st period - Robert Czarnik wins face-off versus Mathieu Tousignant in Monarchs zone.
1:54 of 1st period - Off-side.
1:55 of 1st period - Tyler Pitlick wins face-off versus C.J. Stretch in neutral zone.
1:57 of 1st period - Off-side.
1:58 of 1st period - C.J. Stretch wins face-off versus Tyler Pitlick in neutral zone.
2:45 of 1st period - Snap shot by Raffi Torres.
2:45 of 1st period - Stopped by Joe Cannata with a rebound.
2:47 of 1st period - Wrist shot by Matej Stransky.
2:47 of 1st period - Stopped by Joe Cannata with a rebound.
2:49 of 1st period - Slapshot by Joe Morrow.
2:49 of 1st period - Stopped by Joe Cannata without a rebound.
2:50 of 1st period - Matt Marquardt wins face-off versus Brett Olson in Griffins zone.
3:43 of 1st period - Snap shot by Ben Eager.
3:43 of 1st period - Stopped by Niklas Svedberg with a rebound.
3:51 of 1st period - Snap shot by Jordan Owens.
3:51 of 1st period - Stopped by Niklas Svedberg without a rebound.
3:52 of 1st period - Tyler Pitlick wins face-off versus C.J. Stretch in Monarchs zone.
4:45 of 1st period - Slapshot by Tyler Pitlick.
4:45 of 1st period - Shot Misses the Net.
4:47 of 1st period - Slapshot by Derek Meech.
4:47 of 1st period - Stopped by Niklas Svedberg without a rebound.
4:48 of 1st period - Tyler Pitlick wins face-off versus Jason Jaffray in Monarchs zone.
4:49 of 1st period - Wrist shot by Mitchell Heard.
4:49 of 1st period - Shot Misses the Net.
5:09 of 1st period - John McFarland is hit by Jared Knight and loses puck.
5:25 of 1st period - Mike Angelidis is hit by Nathan Paetsch and loses puck.
6:01 of 1st period - Matej Stransky is hit by Mike Keenan and loses puck.
6:12 of 1st period - Snap shot by Ben Eager.
6:12 of 1st period - Shot Misses the Net.
6:14 of 1st period - Minor Penalty to Raffi Torres for Cross-checking.
6:15 of 1st period - Mathieu Tousignant wins face-off versus Matt Marquardt in Monarchs zone.
6:24 of 1st period - Penalty to Bobby Robins is over, Bobby Robins is back on ice.
6:29 of 1st period - Penalty to Taylor Doherty is over, Taylor Doherty is back on ice.
6:57 of 1st period - Keith Ballard is hit by Tyler Pitlick.
7:56 of 1st period - Slapshot by Joe Morrow.
7:56 of 1st period - Shot Blocked by Derek Meech.
8:14 of 1st period - Penalty to Raffi Torres is over, Raffi Torres is back on ice.
8:53 of 1st period - Raffi Torres is hit by Kellan Lain.
9:00 of 1st period - Off-side.
9:01 of 1st period - Kellan Lain wins face-off versus Brett Olson in neutral zone.
9:40 of 1st period - Slapshot by Keith Ballard.
9:40 of 1st period - Shot Blocked by Jordan Owens.
10:12 of 1st period - Snap shot by John McFarland.
10:12 of 1st period - Stopped by Niklas Svedberg with a rebound.
10:27 of 1st period - Keith Ballard is hit by Mike Keenan and loses puck.
11:37 of 1st period - Derek Meech is hit by Jordan Hill and loses puck.
11:46 of 1st period - Snap shot by C.J. Stretch.
11:46 of 1st period - Shot Blocked by Adam Clendening.
11:48 of 1st period - Slapshot by Taylor Doherty.
11:48 of 1st period - Shot Misses the Net.
12:11 of 1st period - Byron Froese is hit by Mitchell Heard and loses puck.
12:18 of 1st period - Derek Meech is hit by Byron Froese and loses puck.
12:33 of 1st period - Slapshot by Joe Morrow.
12:33 of 1st period - Shot Blocked by Mark Mancari.
12:35 of 1st period - Snap shot by Nathan Paetsch.
12:35 of 1st period - Shot Blocked by Mark Mancari.
12:41 of 1st period - Slapshot by Keith Ballard.
12:41 of 1st period - Stopped by Joe Cannata with a rebound.
12:49 of 1st period - Minor Penalty to Mike Keenan for Roughing.
12:50 of 1st period - Ben Eager wins face-off versus Mikhail Grigorenko in Griffins zone.
12:59 of 1st period - Farm Player15 is hit by Jared Knight and loses puck.
14:07 of 1st period - Snap shot by Mikhail Grigorenko.
14:07 of 1st period - Goal by Mikhail Grigorenko - Monarchs : 1 - Griffins : 0.
14:08 of 1st period - Matt Marquardt wins face-off versus C.J. Stretch in neutral zone.
15:33 of 1st period - Taylor Doherty beats up Kellan Lain.
15:33 of 1st period - Penalty to Kellan Lain for Fighting.
15:33 of 1st period - Penalty to Taylor Doherty for Fighting.
15:34 of 1st period - Mikhail Grigorenko wins face-off versus Tyler Pitlick in Griffins zone.
15:35 of 1st period - Wrist shot by Jared Knight.
15:35 of 1st period - Stopped by Joe Cannata without a rebound.
15:36 of 1st period - Tyler Pitlick wins face-off versus Mikhail Grigorenko in Griffins zone.
15:50 of 1st period - Patrick Wellar beats up Derek Forbort.
15:50 of 1st period - Penalty to Patrick Wellar for Fighting.
15:50 of 1st period - Penalty to Derek Forbort for Fighting.
15:51 of 1st period - Mark Mancari wins face-off versus Brett Olson in Monarchs zone.
15:58 of 1st period - Wrist shot by Tyler Pitlick.
15:58 of 1st period - Stopped by Niklas Svedberg with a rebound.
16:08 of 1st period - Wrist shot by Mark Mancari.
16:08 of 1st period - Stopped by Niklas Svedberg without a rebound.
16:09 of 1st period - Tyler Pitlick wins face-off versus Matej Stransky in Monarchs zone.
16:18 of 1st period - Wrist shot by Tyler Pitlick.
16:18 of 1st period - Stopped by Niklas Svedberg with a rebound.
17:00 of 1st period - Matt Marquardt beats up Joe Morrow.
17:00 of 1st period - Penalty to Matt Marquardt for Fighting.
17:00 of 1st period - Penalty to Joe Morrow for Fighting.
17:01 of 1st period - Mikhail Grigorenko wins face-off versus Paul Thompson in Griffins zone.
17:02 of 1st period - Snap shot by Jason Jaffray.
17:02 of 1st period - Deflect By Mikhail Grigorenko.
17:02 of 1st period - Shot Misses the Net.
17:02 of 1st period - Puck is out of play.
17:03 of 1st period - Paul Thompson wins face-off versus Mikhail Grigorenko in Griffins zone.
17:35 of 1st period - Wrist shot by Mikhail Grigorenko.
17:35 of 1st period - Shot Misses the Net.
17:37 of 1st period - Minor Penalty to Mike Keenan for Hooking.
17:38 of 1st period - Brett Olson wins face-off versus Ben Eager in Griffins zone.
18:01 of 1st period - Slapshot by Keith Ballard.
18:01 of 1st period - Goal by Keith Ballard - Monarchs : 2 - Griffins : 0.
18:02 of 1st period - Tyler Pitlick wins face-off versus Jared Knight in neutral zone.
18:13 of 1st period - Snap shot by Ben Eager.
18:13 of 1st period - Shot Misses the Net.
18:27 of 1st period - Slapshot by Keith Ballard.
18:27 of 1st period - Deflect By Ben Eager.
18:27 of 1st period - Stopped by Joe Cannata without a rebound.
18:28 of 1st period - Brett Olson wins face-off versus Paul Thompson in Griffins zone.
18:47 of 1st period - Mike Angelidis and Matej Stransky fight to a draw.
18:47 of 1st period - Penalty to Mike Angelidis for Fighting.
18:47 of 1st period - Penalty to Matej Stransky for Fighting.
18:48 of 1st period - Mathieu Tousignant wins face-off versus Tyler Pitlick in Griffins zone.
18:49 of 1st period - Snap shot by Keith Ballard.
18:49 of 1st period - Stopped by Joe Cannata with a rebound.
18:52 of 1st period - Icing by Tyler Pitlick.
18:53 of 1st period - Tyler Pitlick wins face-off versus Mathieu Tousignant in Griffins zone.
18:58 of 1st period - Snap shot by Mark Mancari.
18:58 of 1st period - Shot Blocked by Nathan Paetsch.
19:00 of 1st period - Snap shot by Ben Eager.
19:00 of 1st period - Shot Misses the Net.
19:02 of 1st period - Wrist shot by Tyler Pitlick.
19:02 of 1st period - Stopped by Niklas Svedberg without a rebound.
19:03 of 1st period - Tyler Pitlick wins face-off versus Mathieu Tousignant in Monarchs zone.
19:34 of 1st period - Wrist shot by Raffi Torres.
19:34 of 1st period - Stopped by Joe Cannata without a rebound.
19:35 of 1st period - Farm Player15 wins face-off versus Mikhail Grigorenko in Griffins zone.
19:42 of 1st period - Jordan Hill is hit by Tyler Eckford.
Goals for this period are 2 for Monarchs vs 0 for Griffins.
Shots for this period are 11 for Monarchs vs 9 for Griffins.

2nd period


0:01 of 2nd period - Tyler Pitlick wins face-off versus Jared Knight in neutral zone.
0:06 of 2nd period - Wrist shot by Tyler Pitlick.
0:06 of 2nd period - Stopped by Niklas Svedberg with a rebound.
0:14 of 2nd period - Snap shot by Mikhail Grigorenko.
0:14 of 2nd period - Stopped by Joe Cannata with a rebound.
0:26 of 2nd period - Snap shot by Mark Mancari.
0:26 of 2nd period - Stopped by Niklas Svedberg with a rebound.
0:28 of 2nd period - Snap shot by Mark Mancari.
0:28 of 2nd period - Stopped by Niklas Svedberg without a rebound.
0:29 of 2nd period - Paul Thompson wins face-off versus Brett Olson in Monarchs zone.
0:42 of 2nd period - Slapshot by Mitchell Heard.
0:42 of 2nd period - Stopped by Niklas Svedberg without a rebound.
0:43 of 2nd period - Brett Olson wins face-off versus Paul Thompson in Monarchs zone.
1:02 of 2nd period - Snap shot by Brett Olson.
1:02 of 2nd period - Shot Misses the Net.
1:04 of 2nd period - Wrist shot by Raffi Torres.
1:04 of 2nd period - Stopped by Joe Cannata with a rebound.
1:06 of 2nd period - Slapshot by Jordan Hill.
1:06 of 2nd period - Stopped by Joe Cannata with a rebound.
2:21 of 2nd period - Snap shot by Jason Jaffray.
2:21 of 2nd period - Deflect By C.J. Stretch.
2:21 of 2nd period - Stopped by Joe Cannata without a rebound.
2:22 of 2nd period - Robert Czarnik wins face-off versus C.J. Stretch in Griffins zone.
2:37 of 2nd period - Minor Penalty to Ben Eager for Hooking.
2:38 of 2nd period - Brett Olson wins face-off versus Mitchell Heard in Griffins zone.
2:47 of 2nd period - Slapshot by Keith Ballard.
2:47 of 2nd period - Shot Blocked by Adam Clendening.
2:49 of 2nd period - Slapshot by Keith Ballard.
2:49 of 2nd period - Shot Misses the Net.
2:51 of 2nd period - Wrist shot by C.J. Stretch.
2:51 of 2nd period - Shot Blocked by Derek Meech.
2:53 of 2nd period - Slapshot by Keith Ballard.
2:53 of 2nd period - Stopped by Joe Cannata with a rebound.
3:19 of 2nd period - Snap shot by Jason Jaffray.
3:19 of 2nd period - Shot Misses the Net.
3:47 of 2nd period - Penalty to Mike Angelidis is over, Mike Angelidis is back on ice.
4:06 of 2nd period - Mikhail Grigorenko is hit by Farm Player15 and loses puck.
4:37 of 2nd period - Penalty to Ben Eager is over, Ben Eager is back on ice.
5:14 of 2nd period - Kellan Lain beats up Taylor Doherty.
5:14 of 2nd period - Penalty to Kellan Lain for Fighting.
5:14 of 2nd period - Kellan Lain is ejected from game.
5:14 of 2nd period - Penalty to Taylor Doherty for Fighting.
5:14 of 2nd period - Taylor Doherty is ejected from game.
5:15 of 2nd period - Tyler Pitlick wins face-off versus Mikhail Grigorenko in Griffins zone.
5:28 of 2nd period - Snap shot by Mikhail Grigorenko.
5:28 of 2nd period - Shot Blocked by Tyler Pitlick.
5:44 of 2nd period - Snap shot by Paul Thompson.
5:44 of 2nd period - Stopped by Niklas Svedberg with a rebound.
5:46 of 2nd period - Wrist shot by Tyler Pitlick.
5:46 of 2nd period - Deflect By Mitchell Heard.
5:46 of 2nd period - Deflect By Jared Knight.
5:46 of 2nd period - Stopped by Niklas Svedberg without a rebound.
5:47 of 2nd period - Robert Czarnik wins face-off versus C.J. Stretch in Monarchs zone.
6:20 of 2nd period - Jordan Owens is hit by Brett Olson and loses puck.
6:45 of 2nd period - Joe Morrow is hit by Matt Marquardt and loses puck.
7:32 of 2nd period - Farm Player15 is hit by Mathieu Tousignant and loses puck.
9:01 of 2nd period - Derek Forbort is hit by Derek Meech and loses puck.
9:26 of 2nd period - Slapshot by Keith Ballard.
9:26 of 2nd period - Stopped by Joe Cannata with a rebound.
9:48 of 2nd period - Rostislav Olesz is hit by Paul Thompson and loses puck.
9:53 of 2nd period - Slapshot by Derek Meech.
9:53 of 2nd period - Shot Blocked by Keith Ballard.
9:55 of 2nd period - Backhand shot by Derek Meech.
9:55 of 2nd period - Shot Blocked by Keith Ballard.
9:59 of 2nd period - Slapshot by Derek Meech.
9:59 of 2nd period - Stopped by Niklas Svedberg with a rebound.
10:01 of 2nd period - Slapshot by Derek Meech.
10:01 of 2nd period - Shot Hit the Post.
10:03 of 2nd period - Wrist shot by Adam Clendening.
10:03 of 2nd period - Goal by Adam Clendening - Monarchs : 2 - Griffins : 1.
10:04 of 2nd period - Farm Player15 wins face-off versus C.J. Stretch in neutral zone.
10:27 of 2nd period - Snap shot by Mitchell Heard.
10:27 of 2nd period - Shot Misses the Net.
10:29 of 2nd period - Snap shot by Mike Keenan.
10:29 of 2nd period - Shot Blocked by Jason Jaffray.
10:54 of 2nd period - Brett Olson is hit by Ben Eager.
11:44 of 2nd period - Mitchell Heard is hit by Derek Forbort and loses puck.
12:08 of 2nd period - Slapshot by Adam Clendening.
12:08 of 2nd period - Shot Blocked by Joe Morrow.
12:10 of 2nd period - Slapshot by Derek Meech.
12:10 of 2nd period - Shot Blocked by Derek Forbort.
12:12 of 2nd period - Snap shot by Robert Czarnik.
12:12 of 2nd period - Shot Blocked by Derek Forbort.
12:14 of 2nd period - Slapshot by Adam Clendening.
12:14 of 2nd period - Stopped by Niklas Svedberg without a rebound.
12:15 of 2nd period - C.J. Stretch wins face-off versus Jordan Owens in Monarchs zone.
12:17 of 2nd period - Minor Penalty to Bobby Robins for Tripping.
12:18 of 2nd period - Matt Marquardt wins face-off versus Jason Jaffray in Monarchs zone.
13:13 of 2nd period - Ben Eager is hit by Keith Ballard and loses puck.
14:01 of 2nd period - Backhand shot by Tyler Pitlick.
14:01 of 2nd period - Shot Misses the Net.
14:03 of 2nd period - Slapshot by Tyler Eckford.
14:03 of 2nd period - Shot Blocked by Derek Forbort.
14:05 of 2nd period - Wrist shot by Mark Mancari.
14:05 of 2nd period - Stopped by Niklas Svedberg with a rebound.
14:17 of 2nd period - Penalty to Bobby Robins is over, Bobby Robins is back on ice.
15:08 of 2nd period - Wrist shot by C.J. Stretch.
15:08 of 2nd period - Shot Misses the Net.
15:35 of 2nd period - Jordan Owens is hit by Nathan Paetsch.
16:14 of 2nd period - Icing by Joe Morrow.
16:15 of 2nd period - Tyler Pitlick wins face-off versus Brett Olson in Monarchs zone.
17:03 of 2nd period - Jason Jaffray is hit by Mitchell Heard and loses puck.
17:10 of 2nd period - Snap shot by Tyler Pitlick.
17:10 of 2nd period - Deflect By Mitchell Heard.
17:10 of 2nd period - Stopped by Niklas Svedberg with a rebound.
17:14 of 2nd period - Wrist shot by Tyler Pitlick.
17:14 of 2nd period - Stopped by Niklas Svedberg without a rebound.
17:15 of 2nd period - Tyler Pitlick wins face-off versus C.J. Stretch in Monarchs zone.
17:28 of 2nd period - Robert Czarnik is hit by Nathan Paetsch and loses puck.
18:04 of 2nd period - Matt Marquardt is hit by C.J. Stretch and loses puck.
18:31 of 2nd period - Adam Clendening is hit by Jared Knight and loses puck.
18:54 of 2nd period - Slapshot by Adam Clendening.
18:54 of 2nd period - Stopped by Niklas Svedberg with a rebound.
19:31 of 2nd period - Adam Clendening is hit by Rostislav Olesz and loses puck.
19:56 of 2nd period - Slapshot by Bobby Robins.
19:56 of 2nd period - Stopped by Joe Cannata without a rebound.
19:57 of 2nd period - Tyler Pitlick wins face-off versus C.J. Stretch in Griffins zone.
Goals for this period are 0 for Monarchs vs 1 for Griffins.
Shots for this period are 7 for Monarchs vs 13 for Griffins.

3rd period


0:01 of 3rd period - Tyler Pitlick wins face-off versus Jared Knight in neutral zone.
0:04 of 3rd period - Jason Jaffray is hit by Adam Clendening and loses puck.
0:15 of 3rd period - Snap shot by Ben Eager.
0:15 of 3rd period - Shot Blocked by Keith Ballard.
0:17 of 3rd period - Snap shot by Adam Clendening.
0:17 of 3rd period - Shot Misses the Net.
0:19 of 3rd period - Slapshot by Adam Clendening.
0:19 of 3rd period - Stopped by Niklas Svedberg without a rebound.
0:20 of 3rd period - Ben Eager wins face-off versus Mikhail Grigorenko in Monarchs zone.
0:23 of 3rd period - Wrist shot by Tyler Pitlick.
0:23 of 3rd period - Stopped by Niklas Svedberg with a rebound.
0:25 of 3rd period - Slapshot by Adam Clendening.
0:25 of 3rd period - Stopped by Niklas Svedberg with a rebound.
0:27 of 3rd period - Snap shot by Adam Clendening.
0:27 of 3rd period - Shot Misses the Net.
0:29 of 3rd period - Slapshot by Derek Meech.
0:29 of 3rd period - Stopped by Niklas Svedberg without a rebound.
0:30 of 3rd period - Brett Olson wins face-off versus Matt Marquardt in Monarchs zone.
0:30 of 3rd period - Matej Stransky beats up Matt Marquardt.
0:30 of 3rd period - Penalty to Matt Marquardt for Fighting.
0:30 of 3rd period - Penalty to Matej Stransky for Fighting.
0:31 of 3rd period - Tyler Pitlick wins face-off versus Mathieu Tousignant in Monarchs zone.
0:34 of 3rd period - Snap shot by Tyler Pitlick.
0:34 of 3rd period - Stopped by Niklas Svedberg with a rebound.
0:52 of 3rd period - Snap shot by Mark Mancari.
0:52 of 3rd period - Stopped by Niklas Svedberg with a rebound.
0:58 of 3rd period - Slapshot by Keith Ballard.
0:58 of 3rd period - Deflect By Tyler Pitlick.
0:58 of 3rd period - Stopped by Joe Cannata with a rebound.
1:00 of 3rd period - Slapshot by Keith Ballard.
1:00 of 3rd period - Shot Blocked by Mark Mancari.
1:02 of 3rd period - Snap shot by Mathieu Tousignant.
1:02 of 3rd period - Stopped by Joe Cannata with a rebound.
1:04 of 3rd period - Slapshot by Nathan Paetsch.
1:04 of 3rd period - Shot Misses the Net.
1:28 of 3rd period - Snap shot by Mikhail Grigorenko.
1:28 of 3rd period - Shot Blocked by Mark Mancari.
1:50 of 3rd period - Snap shot by Raffi Torres.
1:50 of 3rd period - Shot Misses the Net.
1:56 of 3rd period - Wrist shot by Brett Olson.
1:56 of 3rd period - Stopped by Joe Cannata with a rebound.
2:48 of 3rd period - Tyler Eckford is hit by Raffi Torres and loses puck.
2:57 of 3rd period - Snap shot by Jordan Owens.
2:57 of 3rd period - Shot Misses the Net.
3:53 of 3rd period - Wrist shot by Mikhail Grigorenko.
3:53 of 3rd period - Deflect By C.J. Stretch.
3:53 of 3rd period - Shot Misses the Net.
3:53 of 3rd period - Puck is out of play.
3:54 of 3rd period - C.J. Stretch wins face-off versus Robert Czarnik in Griffins zone.
4:26 of 3rd period - Joe Morrow is hit by Tyler Eckford and loses puck.
5:31 of 3rd period - Jared Knight is hit by Adam Clendening.
5:40 of 3rd period - Mikhail Grigorenko is hit by Derek Meech and loses puck.
5:47 of 3rd period - Adam Clendening is hit by Jason Jaffray and loses puck.
6:17 of 3rd period - Backhand shot by Tyler Pitlick.
6:17 of 3rd period - Stopped by Niklas Svedberg without a rebound.
6:18 of 3rd period - Matt Marquardt wins face-off versus C.J. Stretch in Monarchs zone.
6:31 of 3rd period - Wrist shot by John McFarland.
6:31 of 3rd period - Stopped by Niklas Svedberg with a rebound.
6:43 of 3rd period - Minor Penalty to Bobby Robins for Holding Stick.
6:44 of 3rd period - Tyler Pitlick wins face-off versus Jason Jaffray in Monarchs zone.
8:43 of 3rd period - Penalty to Bobby Robins is over, Bobby Robins is back on ice.
9:35 of 3rd period - Patrick Wellar and Matej Stransky fight to a draw.
9:35 of 3rd period - Penalty to Patrick Wellar for Fighting.
9:35 of 3rd period - Patrick Wellar is ejected from game.
9:35 of 3rd period - Penalty to Matej Stransky for Fighting.
9:35 of 3rd period - Matej Stransky is ejected from game.
9:36 of 3rd period - C.J. Stretch wins face-off versus Tyler Pitlick in Griffins zone.
9:55 of 3rd period - Nathan Paetsch is hit by Mitchell Heard and loses puck.
10:06 of 3rd period - Nathan Paetsch is hit by Robert Czarnik and loses puck.
10:41 of 3rd period - Snap shot by Mike Angelidis.
10:41 of 3rd period - Shot Blocked by Jordan Hill.
11:46 of 3rd period - Wrist shot by Mikhail Grigorenko.
11:46 of 3rd period - Shot Misses the Net.
11:48 of 3rd period - Slapshot by Jordan Hill.
11:48 of 3rd period - Deflect By Rostislav Olesz.
11:48 of 3rd period - Stopped by Joe Cannata with a rebound.
11:50 of 3rd period - Snap shot by Rostislav Olesz.
11:50 of 3rd period - Deflect By Mikhail Grigorenko.
11:50 of 3rd period - Shot Misses the Net.
11:50 of 3rd period - Puck is out of play.
11:51 of 3rd period - Robert Czarnik wins face-off versus Mikhail Grigorenko in Griffins zone.
12:04 of 3rd period - Mike Keenan is hit by Rostislav Olesz and loses puck.
12:11 of 3rd period - Snap shot by Rostislav Olesz.
12:11 of 3rd period - Deflect By Mikhail Grigorenko.
12:11 of 3rd period - Stopped by Joe Cannata with a rebound.
12:48 of 3rd period - Derek Meech is hit by Jared Knight and loses puck.
12:57 of 3rd period - Snap shot by Mikhail Grigorenko.
12:57 of 3rd period - Stopped by Joe Cannata with a rebound.
12:59 of 3rd period - Snap shot by Keith Ballard.
12:59 of 3rd period - Deflect By Mikhail Grigorenko.
12:59 of 3rd period - Stopped by Joe Cannata with a rebound.
13:01 of 3rd period - Slapshot by Keith Ballard.
13:01 of 3rd period - Shot Misses the Net.
13:55 of 3rd period - Slapshot by Raffi Torres.
13:55 of 3rd period - Shot Misses the Net.
13:57 of 3rd period - Slapshot by Derek Forbort.
13:57 of 3rd period - Shot Blocked by Tyler Pitlick.
14:45 of 3rd period - Wrist shot by John McFarland.
14:45 of 3rd period - Deflect By Mike Angelidis.
14:45 of 3rd period - Shot Misses the Net.
14:45 of 3rd period - Puck is out of play.
14:46 of 3rd period - Matt Marquardt wins face-off versus Brett Olson in Monarchs zone.
15:02 of 3rd period - Tyler Eckford is hit by Nathan Paetsch and loses puck.
15:32 of 3rd period - Slapshot by Adam Clendening.
15:32 of 3rd period - Shot Misses the Net.
15:34 of 3rd period - Snap shot by Adam Clendening.
15:34 of 3rd period - Deflect By Mikhail Grigorenko.
15:34 of 3rd period - Stopped by Niklas Svedberg with a rebound.
15:36 of 3rd period - Snap shot by Paul Thompson.
15:36 of 3rd period - Stopped by Niklas Svedberg without a rebound.
15:37 of 3rd period - Robert Czarnik wins face-off versus Mikhail Grigorenko in Monarchs zone.
15:54 of 3rd period - Snap shot by John McFarland.
15:54 of 3rd period - Shot Misses the Net.
15:56 of 3rd period - Slapshot by Tyler Eckford.
15:56 of 3rd period - Deflect By John McFarland.
15:56 of 3rd period - Stopped by Niklas Svedberg with a rebound.
15:58 of 3rd period - Slapshot by Mike Angelidis.
15:58 of 3rd period - Stopped by Niklas Svedberg with a rebound.
16:40 of 3rd period - Icing by Nathan Paetsch.
16:41 of 3rd period - C.J. Stretch wins face-off versus Robert Czarnik in Monarchs zone.
17:20 of 3rd period - Joe Morrow is hit by Mike Keenan and loses puck.
17:40 of 3rd period - Mikhail Grigorenko is hit by Mitchell Heard and loses puck.
17:45 of 3rd period - Slapshot by Derek Meech.
17:45 of 3rd period - Shot Misses the Net.
18:59 of 3rd period - Mark Mancari is hit by Raffi Torres and loses puck.
19:58 of 3rd period - Snap shot by Rostislav Olesz.
19:58 of 3rd period - Stopped by Joe Cannata without a rebound.
19:59 of 3rd period - Scott Arniel call a timeout for Griffins.
19:59 of 3rd period - C.J. Stretch wins face-off versus Robert Czarnik in Griffins zone.
Goals for this period are 0 for Monarchs vs 0 for Griffins.
Shots for this period are 8 for Monarchs vs 12 for Griffins.


Output by the SimonT Hockey Simulator (STHS) for Eric Dolegowski -- Original Page W3C XHTML 1.0 Valid
Hockey Simulator - Hockey Simulation - Hockey Manager